PIO
OGDEN RAPTORS @ SEATTLE (RK+) MARINERS
09/04/2099
 
TOP OF THE 1ST
Ogden Raptors batting - Pitching for Seattle (Rk+) Mariners : RHP Jimmy Cox
Pitching: RHP Jimmy Cox
Batting: RHB Brian Ellis 0-0: Foul Ball, location: 23F
0-1: Ball
1-1: Ball
2-1: TRIPLE (Flyball, 9LD, EV 108.8 MPH)
Batting: LHB Mike Hammes 0-0: Called Strike
0-1: Ball
1-1: Foul Ball, location: 3FF
1-2: Strikes out looking
Batting: RHB Rodrige Apraksin 0-0: Ball
1-0: Called Strike
1-1: Ball
2-1: Foul Ball, location: 2F
2-2: Fly out, F9 (Flyball, 9LSF, EV 93.1 MPH)
Batting: RHB Randy Wittman 0-0: Foul Ball, location: 2F
0-1: Ball
1-1: Fly out, F9 (Flyball, 9LS, EV 75.0 MPH)
Top of the 1st over - 0 runs, 1 hit, 0 errors, 1 left on base; Ogden 0 - Seattle (Rk+) 0
BOTTOM OF THE 1ST
Seattle (Rk+) Mariners batting - Pitching for Ogden Raptors : LHP Eric Young
Pitching: LHP Eric Young
Batting: SHB Bob Unruh 0-0: Foul Ball, location: 2F
0-1: Called Strike
0-2: Fly out, F9 (Flyball, 9D, EV 100.0 MPH)
Batting: RHB Frank Gregg 0-0: Called Strike
0-1: Swinging Strike
0-2: Ball
1-2: Ball
2-2: Strikes out swinging
Batting: RHB Jimmy Knudson 0-0: Ball
1-0: Fly out, F9 (Flyball, 9LS, EV 95.0 MPH)
Bottom of the 1st over - 0 runs, 0 hits, 0 errors, 0 left on base; Ogden 0 - Seattle (Rk+) 0
TOP OF THE 2ND
Ogden Raptors batting - Pitching for Seattle (Rk+) Mariners : RHP Jimmy Cox
Batting: SHB Eddie Brancato 0-0: Ball
1-0: Ball
2-0: Called Strike
2-1: Foul Ball, location: 2F
2-2: Ball
3-2: Strikes out swinging
Batting: RHB Kevin Shamblin 0-0: Foul Ball, location: 3DF
0-1: Ball
1-1: Ball
2-1: Fly out, F6 (Popup, 4MD, EV 69.4 MPH)
Batting: RHB Chris Farley 0-0: Ball
1-0: Called Strike
1-1: Ball
2-1: Foul Ball, location: 23F
2-2: Foul Ball, location: 5SF
2-2: DOUBLE (Groundball, 5L, EV 105.0 MPH)
Batting: RHB Oscar Andujar 0-0: Ball
1-0: Called Strike
1-1: Ground out 6-3 (Groundball, 56, EV 66.9 MPH)
Top of the 2nd over - 0 runs, 1 hit, 0 errors, 1 left on base; Ogden 0 - Seattle (Rk+) 0
BOTTOM OF THE 2ND
Seattle (Rk+) Mariners batting - Pitching for Ogden Raptors : LHP Eric Young
Batting: RHB Seth Sprague 0-0: Ball
1-0: Ball
2-0: Ball
3-0: Base on Balls
Batting: RHB Clint Roth 0-0: Fly out, F9 (Flyball, 89S, EV 90.0 MPH)
Batting: LHB Carlos Garcia 0-0: Ground out 6-3 (Groundball, 6, EV 92.5 MPH)
Seth Sprague to second
Batting: RHB Carlos Yanez 0-0: Ball
1-0: Fly out, F8 (Flyball, 78S, EV 90.6 MPH)
Bottom of the 2nd over - 0 runs, 0 hits, 0 errors, 1 left on base; Ogden 0 - Seattle (Rk+) 0
TOP OF THE 3RD
Ogden Raptors batting - Pitching for Seattle (Rk+) Mariners : RHP Jimmy Cox
Batting: RHB Jim Voge 0-0: Ball
1-0: Called Strike
1-1: Ball
2-1: Ball
3-1: Ground out 6-3 (Groundball, 6, EV 88.1 MPH)
Batting: RHB Brian Ellis 0-0: Called Strike
0-1: Called Strike
0-2: Ball
1-2: Ground out 5-3 (Groundball, 5, EV 97.5 MPH)
Batting: LHB Mike Hammes 0-0: Called Strike
0-1: Foul Ball, location: 3FF
0-2: Foul Ball, location: 2F
0-2: Ground out 6-3 (Groundball, P, EV 88.1 MPH)
Top of the 3rd over - 0 runs, 0 hits, 0 errors, 0 left on base; Ogden 0 - Seattle (Rk+) 0
BOTTOM OF THE 3RD
Seattle (Rk+) Mariners batting - Pitching for Ogden Raptors : LHP Eric Young
Batting: RHB Danny Torpey 0-0: Fly out, F8 (Flyball, 89D, EV 82.5 MPH)
Batting: RHB Ryan Arroyo 0-0: Fly out, F8 (Flyball, 8LS, EV 92.5 MPH)
Batting: SHB Bob Unruh 0-0: SINGLE (Line Drive, 8LS, EV 104.4 MPH)
Batting: RHB Frank Gregg 0-0: Called Strike
0-1: Called Strike
0-2: Strikes out swinging
Bottom of the 3rd over - 0 runs, 1 hit, 0 errors, 1 left on base; Ogden 0 - Seattle (Rk+) 0
TOP OF THE 4TH
Ogden Raptors batting - Pitching for Seattle (Rk+) Mariners : RHP Jimmy Cox
Batting: RHB Rodrige Apraksin 0-0: Ball
1-0: Called Strike
1-1: DOUBLE (Flyball, 7D, EV 96.9 MPH)
Batting: RHB Randy Wittman 0-0: Swinging Strike
0-1: Called Strike
0-2: SINGLE (Groundball, 56D, EV 103.1 MPH)
Rodrige Apraksin to third
Runner from 3rd tries for Home, SAFE, throw by LF to home
Batting: SHB Eddie Brancato 0-0: Ball
1-0: SINGLE (Flyball, 78S, EV 90.0 MPH)
Randy Wittman to second
Batting: RHB Kevin Shamblin 0-0: Ball
1-0: Ball
2-0: Foul Ball, location: 3DF
2-1: Fly out, F7 (Flyball, 7S, EV 95.6 MPH)
Batting: RHB Chris Farley 0-0: Swinging Strike
0-1: Foul Ball, location: 9LMF
0-2: Fly out, F8 (Line Drive, 8LD, EV 103.1 MPH)
Batting: RHB Oscar Andujar 0-0: Ball
1-0: Swinging Strike
1-1: Ball
2-1: Fly out, F8 (Line Drive, 8LD, EV 96.9 MPH)
Top of the 4th over - 1 run, 3 hits, 0 errors, 2 left on base; Ogden 1 - Seattle (Rk+) 0
BOTTOM OF THE 4TH
Seattle (Rk+) Mariners batting - Pitching for Ogden Raptors : LHP Eric Young
Batting: RHB Jimmy Knudson 0-0: Ball
1-0: Called Strike
1-1: Ground out 6-3 (Groundball, 6, EV 93.8 MPH)
Batting: RHB Seth Sprague 0-0: Foul Ball, location: 23FF
0-1: Fly out, F4 (Popup, 4D, EV 66.9 MPH)
Batting: RHB Clint Roth 0-0: Called Strike
0-1: Ball
1-1: Ball
2-1: Foul Ball, location: 3F
2-2: Foul Ball, location: 9LDF
2-2: Ball
3-2: Foul Ball, location: 2F
3-2: Foul Ball, location: 23F
3-2: Foul Ball, location: 9LDF
3-2: Foul Ball, location: 2F
3-2: Strikes out swinging
Bottom of the 4th over - 0 runs, 0 hits, 0 errors, 0 left on base; Ogden 1 - Seattle (Rk+) 0
TOP OF THE 5TH
Ogden Raptors batting - Pitching for Seattle (Rk+) Mariners : RHP Jimmy Cox
Batting: RHB Jim Voge 0-0: Ball
1-0: Called Strike
1-1: SINGLE (Flyball, 9LS, EV 99.4 MPH)
Batting: RHB Brian Ellis 0-0: Ball
1-0: Ball
2-0: Called Strike
2-1: Fly out, F3 (Popup, 34S, EV 36.9 MPH)
Batting: LHB Mike Hammes 0-0: Called Strike
0-1: Ball
1-1: Called Strike
1-2: Ball
2-2: Strikes out swinging
Pitching: RHP Julian Anguiano
Batting: RHB Rodrige Apraksin 0-0: Called Strike
0-1: Ground out 4-3 (Groundball, 4, EV 83.8 MPH)
Top of the 5th over - 0 runs, 1 hit, 0 errors, 1 left on base; Ogden 1 - Seattle (Rk+) 0
BOTTOM OF THE 5TH
Seattle (Rk+) Mariners batting - Pitching for Ogden Raptors : LHP Eric Young
Pitching: RHP Edwin Alvarez
Batting: LHB Carlos Garcia 0-0: Called Strike
0-1: Swinging Strike
0-2: Ball
1-2: Ball
2-2: Strikes out swinging
Batting: RHB Carlos Yanez 0-0: Called Strike
0-1: Called Strike
0-2: Ball
1-2: Fly out, F7 (Flyball, 7LD, EV 80.6 MPH)
Pinch Hitting: RHB Xavier Johnson 0-0: Ball
1-0: Ball
2-0: Ground out 6-3 (Groundball, 56, EV 78.8 MPH)
Bottom of the 5th over - 0 runs, 0 hits, 0 errors, 0 left on base; Ogden 1 - Seattle (Rk+) 0
TOP OF THE 6TH
Ogden Raptors batting - Pitching for Seattle (Rk+) Mariners : RHP Julian Anguiano
Now at 3B: Kevin Ormond
Batting: RHB Randy Wittman 0-0: DOUBLE (Line Drive, 78D, EV 102.5 MPH)
Batting: SHB Eddie Brancato 0-0: Ball
1-0: Called Strike
1-1: Called Strike
1-2: Ball
2-2: Foul Ball, location: 7LSF
2-2: Ball
3-2: Base on Balls
Batting: RHB Kevin Shamblin 0-0: Called Strike
0-1: Foul Ball, location: 9LMF
0-2: Fielders Choice at 2nd, 6-4 (Groundball, 56, EV 105.6 MPH)
Randy Wittman to third
Batting: RHB Chris Farley 0-0: Ball
1-0: Foul Ball, location: 9LMF
1-1: DOUBLE (Line Drive, 3D, EV 98.8 MPH)
Randy Wittman scores
Kevin Shamblin to third
Pinch Hitting: LHB Jerry Arceneaux 0-0: SINGLE (Line Drive, 3D, EV 99.4 MPH)
Kevin Shamblin scores
Chris Farley to third
Runner from 3rd tries for Home, SAFE, throw by RF to home
Pitching: LHP Jason Panzarella
Batting: RHB Jim Voge 0-0: Called Strike
0-1: Foul Ball, location: 2F
0-2: Strikes out swinging
Batting: RHB Brian Ellis 0-0: Called Strike
0-1: Fielders Choice at 2nd, 6-4 (Groundball, 6, EV 89.4 MPH)
Top of the 6th over - 3 runs, 3 hits, 0 errors, 1 left on base; Ogden 4 - Seattle (Rk+) 0
BOTTOM OF THE 6TH
Seattle (Rk+) Mariners batting - Pitching for Ogden Raptors : RHP Edwin Alvarez
Now in RF: Eduardo Roman
Batting: RHB Ryan Arroyo 0-0: Ball
1-0: Ball
2-0: Called Strike
2-1: Ball
3-1: Fly out, F7 (Flyball, 78S, EV 91.9 MPH)
Batting: SHB Bob Unruh 0-0: Ball
1-0: Ground out 4-3 (Groundball, 4M, EV 79.4 MPH)
Batting: RHB Frank Gregg 0-0: Ground out 5-3 (Groundball, 56, EV 86.9 MPH)
Bottom of the 6th over - 0 runs, 0 hits, 0 errors, 0 left on base; Ogden 4 - Seattle (Rk+) 0
TOP OF THE 7TH
Ogden Raptors batting - Pitching for Seattle (Rk+) Mariners : LHP Jason Panzarella
Pinch Hitting: RHB Jose Garibay 0-0: Called Strike
0-1: Ball
1-1: Ball
2-1: DOUBLE (Line Drive, 78M, EV 105.6 MPH)
Batting: RHB Rodrige Apraksin 0-0: Intentional Walk
Batting: RHB Randy Wittman 0-0: Called Strike
0-1: Swinging Strike
0-2: Foul Ball, location: 9LMF
0-2: Ball
1-2: Strikes out swinging
Batting: SHB Eddie Brancato 0-0: Ball
1-0: Ball
2-0: Called Strike
2-1: Ball
3-1: Base on Balls
Jose Garibay to third
Rodrige Apraksin to second
Batting: RHB Kevin Shamblin 0-0: Grounds into fielders choice 1-2 (Groundball, 15S, EV 71.3 MPH)
Rodrige Apraksin to third
Eddie Brancato to second
Batting: RHB Chris Farley 0-0: Ball
1-0: Ball
2-0: Foul Ball, location: 2F
2-1: Fielders Choice at 2nd, U4 (Groundball, 4M, EV 103.1 MPH)
Top of the 7th over - 0 runs, 1 hit, 0 errors, 3 left on base; Ogden 4 - Seattle (Rk+) 0
BOTTOM OF THE 7TH
Seattle (Rk+) Mariners batting - Pitching for Ogden Raptors : RHP Edwin Alvarez
Now at 2B: Ryan Hill
Batting: RHB Jimmy Knudson 0-0: Called Strike
0-1: Swinging Strike
0-2: Strikes out swinging
Pinch Hitting: RHB Lee Miller 0-0: Ground out 3-1 (Groundball, 34, EV 107.5 MPH)
Batting: RHB Clint Roth 0-0: Swinging Strike
0-1: Foul Ball, location: 2F
0-2: Ball
1-2: Foul Ball, location: 2F
1-2: Strikes out looking
Bottom of the 7th over - 0 runs, 0 hits, 0 errors, 0 left on base; Ogden 4 - Seattle (Rk+) 0
TOP OF THE 8TH
Ogden Raptors batting - Pitching for Seattle (Rk+) Mariners : LHP Jason Panzarella
Pitching: RHP Eric Needham
Now in CF: Nate Cheek
Batting: SHB Eduardo Roman 0-0: Ball
1-0: Swinging Strike
1-1: Foul Ball, location: 5FF
1-2: Strikes out swinging
Batting: RHB Jim Voge 0-0: Called Strike
0-1: SINGLE (Line Drive, 9LM, EV 107.5 MPH)
Batting: RHB Brian Ellis 0-0: Called Strike
0-1: Ball
1-1: Fly out, F8 (Flyball, 8RD, EV 110.6 MPH)
Batting: RHB Ryan Hill 0-0: Ball
Jim Voge steals 2nd base
1-0: Swinging Strike
1-1: Called Strike
1-2: Ball
2-2: Ball
3-2: Strikes out swinging
Top of the 8th over - 0 runs, 1 hit, 0 errors, 1 left on base; Ogden 4 - Seattle (Rk+) 0
BOTTOM OF THE 8TH
Seattle (Rk+) Mariners batting - Pitching for Ogden Raptors : RHP Edwin Alvarez
Batting: LHB Carlos Garcia 0-0: Called Strike
0-1: Ball
1-1: Ball
2-1: Ball
3-1: Foul Ball, location: 9LMF
3-2: Base on Balls
Batting: RHB Carlos Yanez 0-0: Ball
1-0: Called Strike
1-1: Grounds into double play, 6-4-3 (Groundball, 56, EV 106.3 MPH)
Batting: RHB Kevin Ormond 0-0: Ground out 6-3 (Groundball, 6S, EV 64.4 MPH)
Bottom of the 8th over - 0 runs, 0 hits, 0 errors, 0 left on base; Ogden 4 - Seattle (Rk+) 0
TOP OF THE 9TH
Ogden Raptors batting - Pitching for Seattle (Rk+) Mariners : RHP Eric Needham
Batting: RHB Rodrige Apraksin 0-0: Called Strike
0-1: Ball
1-1: Ground out 4-3 (Groundball, 4S, EV 84.4 MPH)
Batting: RHB Randy Wittman 0-0: Ball
1-0: Ball
2-0: DOUBLE (Line Drive, 89D, EV 105.6 MPH)
Batting: SHB Eddie Brancato 0-0: Intentional Walk
Batting: RHB Kevin Shamblin 0-0: Ball
1-0: Called Strike
1-1: Foul Ball, location: 2F
1-2: Ball
2-2: Foul Ball, location: 7LSF
2-2: Fly out, F9 (Flyball, 9, EV 95.6 MPH)
Batting: RHB Chris Farley 0-0: Called Strike
0-1: Ball
1-1: Ball
2-1: DOUBLE (Groundball, 5L, EV 105.6 MPH)
Randy Wittman scores
Eddie Brancato to third
Pitching: LHP Andre Georges
Batting: SHB Eduardo Roman 0-0: Called Strike
0-1: Ground out 4-3 (Groundball, 4, EV 87.5 MPH)
Top of the 9th over - 1 run, 2 hits, 0 errors, 2 left on base; Ogden 5 - Seattle (Rk+) 0
BOTTOM OF THE 9TH
Seattle (Rk+) Mariners batting - Pitching for Ogden Raptors : RHP Edwin Alvarez
Pinch Hitting: LHB Gary Binnowee 0-0: Foul Ball, location: 5FF
0-1: Swinging Strike
0-2: Ball
1-2: Strikes out swinging
Batting: SHB Bob Unruh 0-0: Ball
1-0: Foul Ball, location: 2F
1-1: Ground out 4-3 (Groundball, 4, EV 84.4 MPH)
Batting: RHB Frank Gregg 0-0: Called Strike
0-1: Ball
1-1: Ball
2-1: Ground out 4-3 (Groundball, 4, EV 65.0 MPH)
Bottom of the 9th over - 0 runs, 0 hits, 0 errors, 0 left on base; Ogden 5 - Seattle (Rk+) 0
Thursday, May 16th , 2024 - OOTP Baseball 24.11 Build 85